 Dungeon Crawl Stone Soup version 0.30.1 (webtiles) character file.

Game seed: 15453097965312099513

69498 diecastcamel the Thaumaturge (level 15, -23/107 HPs)
             Began as a Djinni Fire Elementalist on July 7, 2023.
             Was the Champion of Makhleb.
             Killed from afar by a spark wasp (34 damage)
             ... with a living lightning
             ... on level 1 of the Spider Nest on July 10, 2023.
             The game lasted 02:15:08 (17287 turns).

diecastcamel the Thaumaturge (DjFE)                Turns: 17287, Time: 02:15:08

Health: -23/107    AC: 13    Str:  9    XL:     15   Next: 74%
Gold:   957        EV: 25    Int: 21    God:    Makhleb [******] SH:  0 Dex: 21

rFire   + + .        U - +9 great sword of the Screaming Seer {flame, rPois}
rCold   x . .        (shield currently unavailable)
rNeg    . . .        T - +1 troll leather armour {Snorg}
rPois   ∞            p - +2 hat
rElec   .            L - +1 cloak {Stlth+}
rCorr   .            M - +2 pair of gloves
SInv    .            (boots unavailable)
Will    +....        a - amulet of regeneration
Stlth   +++          m - +5 ring of evasion
HPRegen 1.97/turn    S - +6 ring of dexterity
MPRegen 0.00/turn

%: infuse magic (-24 HP)
@: forested, flying
A: sickness immunity, fire resistance 2, cold vulnerability 1, float, innate
caster, HP casting, extra vitality 1
a: Renounce Religion, Minor Destruction, Lesser Servant of Makhleb, Major
Destruction, Greater Servant of Makhleb


You were on level 1 of the Spider Nest.
You worshipped Makhleb.
Makhleb was exalted by your worship.
You visited 5 branches of the dungeon, and saw 21 of its levels.
You also visited: Sewer.

You collected 1348 gold pieces.
You spent 391 gold pieces at shops.

Inventory:

Hand Weapons
 U - the +9 great sword of the Screaming Seer (weapon) {flame, rPois}
   (You bought it in a shop on level 9 of the Dungeon)

   rPois:     It protects you from poison.
 V - a +2 vampiric falchion
Armour
 e - a +1 leather armour of fire resistance
 p - a +2 hat (worn)
 C - a +0 helmet
 G - the +2 chain mail of Hiyl {rPois rN+++ Regen+ Str-5}
   (You found it on level 1 of the Spider Nest)

   Str:       It affects your strength (-5).
   rPois:     It protects you from poison.
   rN:        It renders you almost immune to negative energy.
   Regen:     It increases your rate of health regeneration.
 L - a +1 cloak of stealth (worn)
 M - a +2 pair of gloves (worn)
 T - a +1 troll leather armour (worn) {Snorg}
Jewellery
 a - an amulet of regeneration (around neck)
 m - a +5 ring of evasion (left hand)
 w - a ring of resist corrosion
 N - a ring of positive energy
 S - a +6 ring of dexterity (right hand)
Wands
 q - a wand of charming (19)
 y - a wand of polymorph (8)
 D - a wand of mindburst (8)
 K - a wand of iceblast (7)
Scrolls
 c - 3 scrolls of silence
 f - 11 scrolls of teleportation
 g - 5 scrolls of poison
 i - a scroll of enchant armour
 j - 3 scrolls of enchant weapon
 n - a scroll of fear
 s - 2 scrolls of brand weapon
 t - a scroll of summoning
 z - 3 scrolls of fog
 B - 3 scrolls of immolation
 R - 3 scrolls of vulnerability
Potions
 b - a potion of haste
 d - 7 potions of mutation
 h - 3 potions of cancellation
 l - 4 potions of invisibility
 o - 3 potions of flight {unknown}
 r - 4 potions of curing {unknown}
 u - 3 potions of attraction
 v - 2 potions of might {unknown}
 A - 3 potions of resistance {unknown}
 E - 3 potions of brilliance {unknown}
 F - a potion of ambrosia {unknown}
 I - 2 potions of lignification {unknown}
 J - a potion of magic {unknown}
 O - a potion of berserk rage {unknown}
 Q - a potion of degeneration {unknown}
Miscellaneous
 k - a phantom mirror
 H - a condenser vane


   Skills:
 - Level 10.0 Fighting
 * Level 9.6 Long Blades
 - Level 5.0 Armour
 + Level 12.7 Dodging
 - Level 1.5 Stealth
 + Level 12.8 Spellcasting
 - Level 5.0 Invocations
 - Level 9.1 Evocations


You knew the following spells:

 Your Spells              Type           Power      Damage    Failure   Level
a - Foxfire               Conj/Fire      100%       2x1d9     1%          1
b - Scorch                Fire           100%       2d9       1%          2
c - Volatile Blastmotes   Fire/Tloc      100%       2d18      1%          3
d - Inner Flame           Hex/Fire       61%        N/A       1%          3
e - Flame Wave            Conj/Fire      61%        2d14      1%          4
f - Apportation           Tloc           100%       N/A       1%          1
g - Momentum Strike       Conj/Tloc      100%       3d10      1%          2
h - Lesser Beckoning      Tloc           100%       N/A       1%          2
i - Gell's Gravitas       Tloc           61%        N/A       1%          3
j - Manifold Assault      Tloc           61%        N/A       1%          4
k - Summon Forest         Summ/Tloc      30%        N/A       1%          5
l - Summon Cactus Giant   Summ           30%        N/A       4%          6
Your spell library was empty.

Dungeon Overview and Level Annotations

Branches:
Dungeon (10/15)            Temple (1/1) D:5            Lair (5/5) D:8
  Swamp (4/4) Lair:3       Spider (1/4) Lair:2        Slime (0/5) Lair:4
    Orc (0/2) D:9           Sewer (visited)

Altars:
Ashenzari
Cheibriados
Dithmenos
Elyvilon
Fedhas
Gozag
Hepliaklqana
Makhleb
Nemelex Xobeh
Okawaru
Qazlal
Ru
Trog
Uskayaw
Wu Jian
Xom
Yredelemnul
Zin
The Shining One
Jiyva

Shops:
D:4 ?   D:7 (   D:9 (*

Annotations:
Lair:1 exclusion: orange crystal statue


Innate Abilities, Weirdness & Mutations

You are immune to sickness and miasma.
You are immune to poison.
Your flesh is very heat resistant. (rF++)
You are vulnerable to cold. (rC-)
You float through the air rather than walking.
You learn spells naturally, not from books.
Your magical power is your life essence.
You have superior vitality. (+4 MHP)


Message History

The spark wasp is heavily wounded.
The spark wasp stings you! The spark wasp shocks you!
The spark wasp stings you. The spark wasp shocks you!
* * * LOW HITPOINT WARNING * * *
Blink to where?
Press: ? - help, Dir - move target
As you read the scroll of blinking, it crumbles to dust.
The spark wasp bursts into living lightning!
The living lightning misses you.
The spark wasp blinks! x2
As you read the scroll of fear, it crumbles to dust.
You assume a fearsome visage.
The spark wasp looks frightened!
You are too injured to fight recklessly!
Casting: Manifold Assault (safe; 1% risk of failure)
Press: ? - help, Q - select action, (/) - cycle Dir - look around, f - activate Space momentarily warps into an impossible shape!
You slice the spark wasp!! You burn the spark wasp!
Your attack snaps the spark wasp out of its fear.
* * * LOW HITPOINT WARNING * * *
Casting: Manifold Assault (safe; 1% risk of failure)
Press: ? - help, Q - select action, (/) - cycle Dir - look around, f - activate Space momentarily warps into an impossible shape!
You hit the spark wasp but do no damage.
* * * LOW HITPOINT WARNING * * *
The spark wasp completely misses you. The spark wasp stings you.
* * * LOW HITPOINT WARNING * * *
The spark wasp shocks you!
* * * LOW HITPOINT WARNING * * *
As you read the scroll of fear, it crumbles to dust.
You assume a fearsome visage.
The spark wasp looks frightened!
Casting: Manifold Assault (safe; 1% risk of failure)
Press: ? - help, Q - select action, (/) - cycle Dir - look around, f - activate Space momentarily warps into an impossible shape!
You hit the spark wasp. You burn the spark wasp.
Your attack snaps the spark wasp out of its fear.
* * * LOW HITPOINT WARNING * * *
The spark wasp bursts into living lightning!
The living lightning hits you!!
You die...

####....#.............##
##.#
#.......###..........##
###
###.....#.#..........# #
##.....####........# #.
#....## ##..###..# .#
#.###.#####.####..# #.#
##.....†..###.#. ####
#............$ #.#
##†...@......#
#.######..........##
##............y...#
#.....#..#♣#♣...#♣
##.....#...#♣##.#♣ .
##...#.##........##♣ ...
#..#.#.............##..♣
##.##...........♣.†..†#
#.##.##.......♣..#§♣##


You could see a spark wasp.

Vanquished Creatures
  A tentacled monstrosity (Swamp:2)
  Kirke (Lair:3)
  Aizul (Spider:1)
  An eleionoma (Swamp:2)
  A bunyip (Swamp:2)
  Snorg (Lair:5)
  A fire dragon (Lair:5)
  5 hydras
  A ghost crab (Swamp:3)
  A two-headed ogre (D:9)
  A catoblepas (Lair:4)
  2 alligators
  2 skysharks
  2 pharaoh ants
  5 goliath frogs
  2 swamp dragons
  2 spriggan druids
  2 bog bodies
  A lindwurm (Lair:5)
  2 wolf spiders (Spider:1)
  A will-o-the-wisp (Swamp:1)
  10 elephants
  3 black mambas
  2 molten gargoyles (Lair:5)
  8 cane toads
  2 rime drakes
  10 komodo dragons
  2 tyrant leeches (Swamp:3)
  6 hornets
  2 trolls
  A bloated husk (Swamp:2)
  6 tarantellas
  4 dream sheep
  8 blink frogs
  3 culicivoras (Spider:1)
  2 jumping spiders
  3 spriggans
  13 yaks
  A human (Lair:3)
  5 basilisks
  9 wyverns
  6 hogs (Lair:3)
  2 steam dragons
  A redback (Spider:1)
  9 swamp worms
  An acid dragon (D:9)
  Menkaure (D:4)
  15 water moccasins
  A hell hound (Lair:5)
  Pargi (Sewer)
  6 swamp drakes
  3 sky beasts
  A black bear (Lair:1)
  4 orc warriors (D:9)
  2 ogres
  11 wolves
  4 centaurs
  A kobold brigand (D:9)
  6 bullfrogs
  A scorpion (D:4)
  6 killer bees (D:7)
  A howler monkey (D:9)
  3 electric eels
  7 lava snakes
  2 orc priests (D:9)
  A gnoll bouda (D:7)
  5 hounds
  2 jellies
  2 sleepcaps
  2 iguanas (D:4)
  10 orc wizards
  2 lightning spires (Swamp:1)
  5 gnolls (D:7)
  4 adders
  2 white imps
  3 worms
  A dart slug (D:1)
  41 orcs
  4 ball pythons
  9 endoplasms
  5 giant cockroaches
  5 goblins
  8 hobgoblins
  7 quokkas
  6 bats
  8 frilled lizards
  6 kobolds
  3 rats
  2 ball lightnings (Swamp:1)
374 creatures vanquished.

Vanquished Creatures (collateral kills)
  An emperor scorpion (Spider:1)
  3 eleionomae
  A shambling mangrove (Swamp:3)
  2 hydras (Lair:4)
  Erolcha (D:9)
  An alligator (Swamp:1)
  A goliath frog (Swamp:1)
  A spriggan druid (Swamp:1)
  2 bog bodies
  A will-o-the-wisp (Swamp:1)
  3 black mambas (Lair:5)
  4 elephants (Lair:5)
  A demonic crawler (Spider:1)
  3 komodo dragons
  3 rime drakes
  A bloated husk (Swamp:1)
  A polar bear (Lair:5)
  A tyrant leech (Swamp:1)
  3 hornets
  2 blink frogs (Lair:5)
  A dream sheep (Lair:5)
  2 culicivoras (Spider:1)
  3 spriggans (Swamp:1)
  A shadow (D:8)
  A wyvern (Lair:4)
  A basilisk (Lair:4)
  6 yaks
  A redback (Spider:1)
  A steam dragon (Lair:5)
  3 swamp worms
  4 water moccasins
  2 hell hounds (Lair:5)
  6 wolves (Lair:4)
  2 howler monkeys (D:9)
  An electric eel (Lair:4)
  A lava snake (Lair:5)
  6 hell rats (Lair:3)
  2 kobolds (D:9)
  5 foxfires (Lair:3)
85 creatures vanquished.

Vanquished Creatures (others)
  892 foxfires
  10 snaplasher vines
902 creatures vanquished.

Grand Total: 1361 creatures vanquished

Notes
Turn   | Place    | Note
-------+----------+-------------------------------------------
     0 | D:1      | diecastcamel the Djinni Fire Elementalist began the quest
                  | for the Orb.
     0 | D:1      | diecastcamel set off with the following spells memorised:
                  | Foxfire, Scorch, Volatile Blastmotes, Inner Flame, Flame
                  | Wave.
     0 | D:1      | Reached XP level 1. HP: 15/15 MP: 0/0
   140 | D:1      | Reached XP level 2. HP: 21/22 MP: 0/0
   235 | D:1      | Reached skill level 1 in Fighting
   327 | D:1      | Reached XP level 3. HP: 22/27 MP: 0/0
   327 | D:1      | Learned a level 1 spell: Apportation
   643 | D:2      | Found a faded altar of an unknown god.
   856 | D:2      | Reached XP level 4. HP: 31/32 MP: 0/0
  1131 | D:3      | Found the +5 robe of Misfortune {Harm *Corrode *Slow EV+5}
  1438 | D:3      | Noticed an ogre
  1446 | D:3      | Killed an ogre
  1447 | D:3      | Reached XP level 5. HP: 28/39 MP: 0/0
  1447 | D:3      | Learned a level 2 spell: Momentum Strike
  1933 | D:4      | Found a glowing drain.
  1943 | D:4      | Reached XP level 6. HP: 31/45 MP: 0/0
  1995 | Sewer    | Entered a sewer
  2084 | Sewer    | Noticed Pargi
  2094 | Sewer    | Killed Pargi
  2314 | D:4      | Noticed Menkaure
  2326 | D:4      | Killed Menkaure
  2327 | D:4      | Reached XP level 7. HP: 17/50 MP: 0/0
  2327 | D:4      | Learned a level 2 spell: Lesser Beckoning
  2481 | D:4      | Found Jiplizir's Magic Scroll Boutique.
  2884 | D:4      | Reached skill level 5 in Spellcasting
  3285 | D:5      | Entered Level 5 of the Dungeon
  3414 | D:5      | Noticed a troll
  3426 | D:5      | Killed a troll
  3427 | D:5      | Reached XP level 8. HP: 49/58 MP: 0/0
  3522 | D:5      | Found a staircase to the Ecumenical Temple.
  3530 | Temple   | Entered the Ecumenical Temple
  3667 | Temple   | Became a worshipper of Makhleb the Destroyer
  4771 | D:6      | Reached skill level 1 in Armour
  5439 | D:7      | Reached skill level 5 in Fighting
  5510 | D:7      | Reached skill level 1 in Evocations
  5510 | D:7      | Reached XP level 9. HP: 62/65 MP: 0/0
  5510 | D:7      | Learned a level 3 spell: Gell's Gravitas
  5790 | D:7      | Reached * piety under Makhleb
  6073 | D:7      | Found Seint's Weapon Boutique.
  6155 | D:7      | Identified the +2 flail of Eternal War {heavy, Str+5}
  6839 | D:8      | Noticed a hornet
  6849 | D:8      | Killed a hornet
  6914 | D:8      | Reached XP level 10. HP: 36/70 MP: 0/0
  6917 | D:8      | Reached skill level 5 in Armour
  7342 | D:8      | Reached skill level 5 in Dodging
  7373 | D:8      | Identified the +7 tower shield "Ytyo" {Int+2}
  7380 | D:8      | Found an opulent altar of Gozag.
  7387 | D:8      | Found a sparkling altar of Nemelex Xobeh.
  7388 | D:8      | Found a hide-covered altar of Uskayaw.
  7388 | D:8      | Found a glowing golden altar of the Shining One.
  7389 | D:8      | Found a glowing silver altar of Zin.
  7392 | D:8      | Found a blossoming altar of Fedhas.
  7432 | D:8      | Found a staircase to the Lair.
  7587 | D:9      | Noticed Erolcha
  7587 | D:9      | Found Boesk's Antique Weapon Boutique.
  7812 | D:9      | Found Soise's Serpentskin Sales.
  7848 | D:9      | Killed Erolcha
  7885 | D:9      | Noticed a two-headed ogre
  7998 | D:9      | Killed a two-headed ogre
  8045 | D:9      | Reached XP level 11. HP: 78/78 MP: 0/0
  8045 | D:9      | Learned a level 4 spell: Manifold Assault
  8094 | D:9      | Reached ** piety under Makhleb
  8143 | D:9      | Found a staircase to the Orcish Mines.
  8568 | D:10     | Entered Level 10 of the Dungeon
  8615 | Lair:1   | Entered Level 1 of the Lair of Beasts
  8948 | Lair:1   | Noticed an orange crystal statue
 10329 | Lair:2   | Noticed a pharaoh ant
 10333 | Lair:2   | Killed a pharaoh ant
 10334 | Lair:2   | Reached skill level 5 in Evocations
 10334 | Lair:2   | Reached XP level 12. HP: 87/87 MP: 0/0
 10407 | Lair:2   | Reached skill level 10 in Spellcasting
 10410 | Lair:2   | Found a hole to the Spider Nest.
 10762 | Lair:2   | Noticed a skyshark
 11011 | Lair:2   | Killed a skyshark
 11368 | Lair:3   | Reached *** piety under Makhleb
 11476 | Lair:3   | Reached skill level 1 in Invocations
 11483 | Lair:3   | Reached skill level 10 in Dodging
 11483 | Lair:3   | Noticed Kirke
 11496 | Lair:3   | Killed Kirke
 11500 | Lair:3   | Reached XP level 13. HP: 89/94 MP: 0/0
 11500 | Lair:3   | Learned a level 5 spell: Summon Forest
 11542 | Lair:3   | Found a staircase to the Swamp.
 11913 | Lair:3   | Identified the +0 plate armour of Entitlement {rN+ Str+4}
 12284 | Lair:4   | Noticed a catoblepas
 12294 | Lair:4   | Killed a catoblepas
 12476 | Lair:4   | Noticed a five-headed hydra
 12484 | Lair:4   | Killed a five-headed hydra
 12519 | Lair:4   | Reached **** piety under Makhleb
 12651 | Lair:4   | Identified the +7 morningstar "Plog" {freeze, rCorr Int+2
                  | Dex-5}
 12664 | Lair:4   | Noticed a six-headed hydra
 12670 | Lair:4   | Killed a six-headed hydra
 12671 | Lair:4   | Reached skill level 5 in Invocations
 12813 | Lair:4   | Noticed a six-headed hydra
 12835 | Lair:4   | Killed a six-headed hydra
 13341 | Lair:4   | Found a viscous altar of Jiyva.
 13341 | Lair:4   | Found a staircase to the Slime Pits.
 13494 | Lair:5   | Entered Level 5 of the Lair of Beasts
 13527 | Lair:5   | Noticed a seven-headed hydra
 13537 | Lair:5   | Killed a seven-headed hydra
 13713 | Lair:5   | Reached XP level 14. HP: 95/102 MP: 0/0
 13762 | Lair:5   | Noticed Snorg
 13772 | Lair:5   | Killed Snorg
 13773 | Lair:5   | Reached skill level 10 in Fighting
 13886 | Lair:5   | Reached ***** piety under Makhleb
 14126 | D:9      | Bought an iridescent great sword for 391 gold pieces
 14126 | D:9      | Identified the +9 great sword of the Screaming Seer {flame,
                  | rPois} (You bought it in a shop on level 9 of the Dungeon)
 14406 | Lair:5   | Reached skill level 1 in Long Blades
 14511 | Lair:5   | Found a large runed translucent door.
 14511 | Lair:5   | Found a large runed translucent door.
 15015 | Swamp:1  | Entered Level 1 of the Swamp
 15126 | Swamp:1  | Reached skill level 5 in Long Blades
 15670 | Swamp:2  | Noticed an eleionoma
 15683 | Swamp:2  | Killed an eleionoma
 15768 | Swamp:2  | Reached XP level 15. HP: 71/107 MP: 0/0
 15768 | Swamp:2  | Learned a level 6 spell: Summon Cactus Giant
 16106 | Swamp:2  | Noticed a tentacled monstrosity
 16118 | Swamp:2  | Killed a tentacled monstrosity
 16764 | Swamp:4  | Entered Level 4 of the Swamp
 16887 | Spider:1 | Entered Level 1 of the Spider Nest
 16961 | Spider:1 | Identified the +2 chain mail of Hiyl {rPois rN+++ Regen+
                  | Str-5}
 17176 | Spider:1 | Noticed an emperor scorpion
 17185 | Spider:1 | Killed an emperor scorpion
 17256 | Spider:1 | Noticed Aizul
 17280 | Spider:1 | Killed Aizul
 17280 | Spider:1 | Reached ****** piety under Makhleb
 17287 | Spider:1 | Killed from afar by a spark wasp

Illustrated notes

Levels and vault maps discovered:
D:1:      denvon_arrival_hothouse, layout_rooms, minmay_misc_feat_pillars,
          nicolae_wormholes
D:2:      layout_rooms, basic_altar, hellmonk_ecumenical_altar_slurped_away
D:3:      layout_loops_ring
D:4:      layout_loops_ring, serial_shops, nicolae_shop_pleasant_corner_grove,
          portal_sewer_entry_f, serial_bayou_ford_a, uniq_menkaure
D:5:      layout_layer_cave, temple_statues
D:6:      layout_cave_pools
D:7:      layout_basic, serial_shops, shop, kennysheep_minor_cross,
          grunt_ministairs_14, kennysheep_generic_room_10
D:8:      layout_loops_ring, minitemple, erik_lair_island
D:9:      layout_cave_pools, erik_orc_2, serial_shops, nicolae_stop_n_shop_1,
          minmay_crystal_room, guppyfry_shop_venom, uniq_erolcha
D:10:     layout_roguey, nzn_ghost_randoct, serial_shops, kennysheep_mini_moat
Temple:   minmay_temple_bridge_d
Lair:1:   layout_cave_pods, small_statue_intersection, disabler_island
Lair:2:   layout_small_grid, nicolae_spider_entry_lesser_pyramids
Lair:3:   layout_regular_city, skrybe_swamp_entry_bodies, grunt_megastairs_4,
          uniq_kirke
Lair:4:   layout_cave_pods, dpeg_slime_entry_enclosed, serial_bayou_shore_a,
          lemuel_fruit_tree, grunt_megastairs_2
Lair:5:   cheibrodos_lair_end_hotspot, layout_misc_corridors, uniq_snorg
Swamp:1:  layout_basic_swamp, evilmike_swamp_ruin_house_1, swamp_pool4,
          hangedman_swamp_phenomena
Swamp:2:  layout_basic_swamp, evilmike_swamp_ruin_house_2, swamp_pool5
Swamp:3:  layout_falls_marsh, hangedman_swamp_lotus, swamp_pool4
Swamp:4:  swamp, layout_basic_swamp
Spider:1: layout_chambers, uniq_aizul

Skill      XL: |  1  2  3  4  5  6  7  8  9 10 11 12 13 14 15 |
---------------+----------------------------------------------+-----
Fighting       | 1 2 3 4 5 6 8 9 10 | 10.0
Spellcasting   | 3 4 5 6 7 9 10 11 12 | 12.8
Dodging        | 3 4 6 8 10 11 12 | 12.7
Armour         | 2 4 5 |  5.0
Evocations     | 1 3 4 5 7 8 9 |  9.1
Invocations    | 2 5 |  5.0
Long Blades    | 6 9 |  9.6
Stealth        | |  1.5

Action                     |  1- 3 |  4- 6 |  7- 9 | 10-12 | 13-15 || total
---------------------------+-------+-------+-------+-------+-------++-------
  Melee: Dagger            |     1 |       |       |       |       ||     1
         Falchion          |       |     2 |     2 |       |       ||     4
         Whip              |       |       |       |    56 |       ||    56
         Flail             |       |       |       |    41 |    69 ||   110
         Great sword       |       |       |       |       |   358 ||   358
   Cast: Foxfire           |    52 |    49 |   110 |   257 |    47 ||   515
         Scorch            |     5 |    14 |    13 |    86 |    73 ||   191
         Volatile Blastmot |       |     6 |    28 |    26 |    12 ||    72
         Flame Wave        |       |       |    12 |    17 |     4 ||    33
         Manifold Assault  |       |       |       |    57 |   276 ||   333
         Summon Forest     |       |       |       |       |    53 ||    53
         Summon Cactus Gia |       |       |       |       |     7 ||     7
 Invoke: Lesser Servant of |       |       |       |       |     1 ||     1
  Evoke: Wand              |       |       |     1 |    13 |     5 ||    19
         Condenser vane    |       |       |       |     1 |       ||     1
    Use: Scroll            |     1 |     6 |     8 |     6 |     7 ||    28
         Potion            |       |       |     1 |     1 |     2 ||     4
   Stab: Distracted        |       |       |       |       |     1 ||     1
 Armour: Troll leather arm |       |       |     5 |       |    25 ||    30
         Steam dragon scal |       |       |     2 |    48 |    10 ||    60
  Dodge: Dodged            |       |     6 |    43 |   174 |   210 ||   433
